 Dungeon Crawl Stone Soup version 0.18-a0-739-gdae9da8 (webtiles) character file.

191 JokEr the Skirmisher (level 5, -1/35 HPs)
             Began as a Gargoyle Fighter on Dec 10, 2015.
             Slain by an orc priest
             ... wielding a cursed +0 trident
              (2 damage)
             ... on level 3 of the Dungeon.
             The game lasted 00:04:02 (2038 turns).

JokEr the Skirmisher (Gargoyle Fighter)             Turns: 2038, Time: 00:04:02

Health: -1/35      AC: 17    Str: 25    XL:     5   Next: 70%
Magic:  5/5        EV:  7    Int:  9    God:
Gold:   122        SH:  9    Dex:  9    Spells: 0 memorised, 4 levels left

rFire  . . .     SeeInvis .     a - +0 flail
rCold  . . .     Clarity  .     b - +0 scale mail
rNeg   + . .     SustAt   .     c - +0 shield
rPois  ∞         Gourm    .     g - +2 helmet
rElec  +         Spirit   .     (no cloak)
rCorr  .         Dismiss  .     (no gloves)
rMut   .         Stasis   .     o - +2 pair of boots
MR     .....                    (no amulet)
Stlth  ..........               (no ring)
                                (no ring)

@: mighty, not resistant to hostile enchantments, extremely unstealthy
A: negative energy resistance 1, electricity resistance, unbreathing,
petrification resistance, rot immunity, AC +4
a: no special abilities


You were on level 3 of the Dungeon.
You were not hungry.

You visited 1 branch of the dungeon, and saw 3 of its levels.

You collected 122 gold pieces.

Inventory:

Hand Weapons
 a - a +0 flail (weapon)
Armour
 b - a +0 scale mail (worn)
 c - a +0 shield (worn)
 g - a +2 helmet (worn)
 o - a +2 pair of boots (worn)
Scrolls
 h - 2 scrolls of noise
 j - a scroll of teleportation
 k - a scroll of identify
 q - 2 scrolls of recharging
Potions
 d - a potion of might
 f - 2 potions of heal wounds {unknown}
 l - 2 potions of agility {unknown}
 m - 2 potions of haste {unknown}
 r - a potion of mutation {unknown}
Comestibles
 e - 2 bread rations
 p - 2 meat rations


   Skills:
 + Level 5.2 Fighting
 + Level 4.3 Maces & Flails
 - Level 3.2 Armour
 - Level 3.2 Shields


You had 4 spell levels left.
You didn't know any spells.

Dungeon Overview and Level Annotations

Branches:
Dungeon (3/15)

Altars:
Dithmenos
Nemelex Xobeh


Innate Abilities, Weirdness & Mutations

You are resistant to torment.
Your stone body is resilient (AC +4).
You are immune to poison.
You resist negative energy.
You are resistant to electric shocks.
You can survive without breathing.
You are immune to petrification.
You are immune to rotting.


Message History

The orc priest hits you but does no damage.
You block the orc priest's attack.
Drink which item? (? for menu, Esc to quit)
Okay, then.
Read which item? (? for menu, Esc to quit)
As you read the scroll of fog, it crumbles to dust.
The scroll dissolves into smoke.
The orc priest miscasts a cantrip.
The orc priest hits you but does no damage.
You sock the orc priest!
You kill the orc priest!
The orc priest mumbles some strange prayers to Beogh against you.
Pain shoots through your body!
* * * LOW HITPOINT WARNING * * *
You closely miss the orc priest.
The orc priest hits you but does no damage.
You hit the orc priest.
The orc priest is moderately wounded.
The orc priest hits you with a trident.
You die...

###ro.######
##o## #§###
#§§§# ###§#
#r# #o# #o#
#@# #.#
#.##.#
#.##.#
#.##(#
#.##.#
#.##.#
#.##.#
########
#.##.#
#..[....


You could see an orc priest, an orc and a quokka.

Vanquished Creatures
  A crimson imp (D:3)
  A centaur zombie (D:3)
  An orc priest (D:3)
  4 adders
  3 giant geckos
  6 orcs (D:3)
  A goblin (D:1)
  6 hobgoblins
  7 jackals (D:2)
  A ball python (D:2)
  10 bats
  4 giant cockroaches
  2 giant newts
  4 kobolds
  9 rats
60 creatures vanquished.

Notes
Turn   | Place    | Note
--------------------------------------------------------------
     0 | D:1      | JokEr the Gargoyle Fighter began the quest for the Orb.
     0 | D:1      | Reached XP level 1. HP: 14/14 MP: 1/1
   130 | D:1      | Reached XP level 2. HP: 17/19 MP: 2/2
   830 | D:2      | Found a faded altar to an unknown god.
   868 | D:2      | Reached XP level 3. HP: 24/24 MP: 3/3
   880 | D:2      | Found a shadowy altar of Dithmenos.
  1127 | D:2      | Found a sparkling altar of Nemelex Xobeh.
  1163 | D:2      | Reached skill level 4 in Fighting
  1350 | D:2      | Reached XP level 4. HP: 29/29 MP: 4/4
  1747 | D:3      | Reached XP level 5. HP: 28/34 MP: 5/5
  1964 | D:3      | Reached skill level 5 in Fighting
  2036 | D:3      | HP: 1/35 [orc priest/nerve-wracking pain (3)]
  2038 | D:3      | Slain by an orc priest

Vault maps used:
D:1:      mrwooster_arrival_statue_2
D:2:      nemelex_deck, lemuel_round_altar, ecumenical_altar_1
D:3:      nicolae_tso_carved_into_rock

Action                   |  1- 3 |  4- 6 || total
-------------------------+-------+-------++-------
Melee: Flail             |   146 |    97 ||   243
  Use: Scroll            |     4 |     6 ||    10
       Potion            |       |     1 ||     1
  Eat: Bread ration      |     1 |       ||     1
